[Event "*** SCC Grand Prix: Titled Tuesday Blitz"]
[Site "Chess.com"]
[Date "2020.07.21"]
[Round "4"]
[White "sewin16"]
[Black "Flopezin"]
[Result "1-0"]
[WhiteElo "2386"]
[BlackElo "2084"]
[TimeControl "180+1"]
[EndTime "10:37:48 PDT"]
[Termination "sewin16 won by resignation"]

1. e4 e5 2. Nf3 Nc6 3. d4 exd4 4.
Nxd4 Nf6 5. Nxc6 bxc6 6. e5 Qe7 7. Qe2 Nd5 8. c4 Ba6 9. h4 g6 10. Bg5 Qb4+ 11. Kd1 Bg7 12. Qc2 Nb6 13. a3 Qc5 14. f4 Nxc4 15. Bxc4 Qxc4 16. h5 h6 17. Qxc4 Bxc4 18. Bf6 Bxf6 19. exf6 d6 20. Re1+ Kd8 21. Nc3 Re8 22. Kd2 Kd7 23. hxg6 fxg6 24. g4 g5 25. f5 Rxe1 26. Rxe1 Re8 27. Rh1 d5 28. Rxh6 d4 29.
Na4 Re2+ 30. Kd1 Rg2 31. Nc5+ Kd6 32. f7+ Kxc5 33. f8=Q+ Kd5 34. Re6 Rxg4 35. b4 Bb3+ 36. Ke1 Kc4 37. Qc5+ Kd3 38. Kf2 Rf4+ 39. Kg3 Bxe6 40.
fxe6 Re4 41. Qf5 Ke3 42. Qf3+ Kd2 43. Qxe4 1-0

[Event "*** SCC Grand Prix: Titled Tuesday Blitz"]
[Site "Chess.com"]
[Date "2020.07.21"]
[Round "4"]
[White "praveenb2002"]
[Black "ErikRonka"]
[Result "1-0"]
[WhiteElo "2757"]
[BlackElo "2375"]
[TimeControl "180+1"]
[EndTime "10:37:49 PDT"]
[Termination "praveenb2002 won on time"]

1. e4 c6 2. d4 d5 3. exd5 cxd5 4. c4 Nf6 5. Nc3 g6 6. Qb3 Bg7 7. cxd5 O-O 8. Be2 a5 9. Bf3 Na6 10. a3 b5 11. Nxb5 a4 12. Qxa4 Nc7 13. Qc4 Nxb5 14. Qxb5 Ba6 15. Qb3 Rb8 16. Qa4 Bb5 17. Qd1 Qa5+ 18.
Bd2 Qa6 19. Ne2 Ba4 20. Qb1 Rfc8 21. Bc3 Bb5 22. Qd1 Ba4 23. Qd2 Qb5 24. O-O Nxd5 25.
Rfe1 Nxc3 26. Nxc3 Qa5 27. b4 Qa7 28. Nxa4 Qxa4 29.
Rxe7 Rd8 30. Re4 Qd7 31. g3 Bxd4 32. Rd1 Bxf2+ 33. Qxf2 Qf5 34. Red4 Re8 35. Bd5 Qd7 36. Rf4 1-0

[Event "*** SCC Grand Prix: Titled Tuesday Blitz"]
[Site "Chess.com"]
[Date "2020.07.21"]
[Round "4"]
[White "Artem_Sadovsky"]
[Black "GMHess"]
[Result "0-1"]
[WhiteElo "2520"]
[BlackElo "2777"]
[TimeControl "180+1"]
[EndTime "10:37:51 PDT"]
[Termination "GMHess won by checkmate"]

1. Nf3 g6 2. h4 Bg7 3. h5 e5 4. d3 Nc6 5. h6 Bf8 6. c4 d6 7.
Nc3 Bg4 8. e4 Bxf3 9. gxf3 Nd4 10.
Be3 c6 11. f4 Qb6 12. fxe5 dxe5 13. Rb1 O-O-O 14. a3 Qa5 15. b4 Qxa3 16. Bxd4 exd4 17. Rb3 Qa6 18. Ne2 Kb8 19. Bg2 Nxh6 20. b5 Qa5+ 21. Kf1 c5 22. b6 axb6 23. Nf4 Ng4 24. Nd5 Qa2 25. Qxg4 Qxb3 26. Qg3+ Bd6 27. e5 Qd1# 0-1

[Event "*** SCC Grand Prix: Titled Tuesday Blitz"]
[Site "Chess.com"]
[Date "2020.07.21"]
[Round "4"]
[White "Kezin_Roman"]
[Black "LPSupi"]
[Result "1-0"]
[WhiteElo "2739"]
[BlackElo "2864"]
[TimeControl "180+1"]
[EndTime "10:37:52 PDT"]
[Termination "Kezin_Roman won on time"]

1. d4 Nf6 2. c4 e6 3. g3 Be7 4.
Bg2 O-O 5. Nf3 b6 6. O-O c6 7.
Qc2 d5 8. Nbd2 Bb7 9. e4 a5 10.
Re1 Na6 11. e5 Nd7 12. cxd5 Nb4 13. Qb1 cxd5 14. a3 Nc6 15. Nf1 a4 16. h4 Re8 17.
Bf4 b5 18. N1h2 b4 19. h5 h6 20. Ng4 Bf8 21. Qc1 Na5 22. Bxh6 Nb3 23. Qf4 gxh6 24. Nxh6+ Bxh6 25. Qxh6 Nxa1 26. Ng5 Nf8 27. Rxa1 bxa3 28. Rxa3 Ba6 29. Rf3 Ra7 30. Rf4 Be2 31. f3 Bd3 32.
Rg4 Bg6 33. hxg6 fxg6 34. Rh4 1-0

[Event "*** SCC Grand Prix: Titled Tuesday Blitz"]
[Site "Chess.com"]
[Date "2020.07.21"]
[Round "4"]
[White "UKR_Master"]
[Black "Harry_Rakkel"]
[Result "0-1"]
[WhiteElo "2329"]
[BlackElo "2545"]
[TimeControl "180+1"]
[EndTime "10:37:52 PDT"]
[Termination "Harry_Rakkel won by resignation"]

1. e4 c5 2. Nf3 e6 3. c3 Nf6 4. e5 Nd5 5. d4 cxd4 6. cxd4 Nc6 7. Bd3 d6 8. a3 dxe5 9. dxe5 Be7 10. O-O O-O 11.
Qe2 Bd7 12. Rd1 Rc8 13. h4 Qb6 14. Qe4 g6 15. h5 Rfd8 16. Bg5 Qxb2 17. Nbd2 Nc3 18.
Qh4 Nxd1 19. Rxd1 Qxa3 20. hxg6 fxg6 21. Bf6 Qxd3 22. Bxe7 Nxe7 23. Qxe7 Re8 24. Qh4 Bc6 25.
Re1 Rc7 26. Re3 Qd8 27. Qg3 a5 28. Kh2 Rf8 29. Re4 Bxe4 30. Nxe4 Rcf7 31. Nf6+ Rxf6 32. exf6 Qxf6 33. Qc7 Qf4+ 0-1

[Event "*** SCC Grand Prix: Titled Tuesday Blitz"]
[Site "Chess.com"]
[Date "2020.07.21"]
[Round "4"]
[White "JoliyRoger"]
[Black "Agent-JL"]
[Result "1-0"]
[WhiteElo "2309"]
[BlackElo "2438"]
[TimeControl "180+1"]
[EndTime "10:37:52 PDT"]
[Termination "JoliyRoger won by checkmate"]

1. Nf3 Nf6 2. c4 e6 3. Nc3 Bb4 4. Qc2 d5 5. a3 Bxc3 6. Qxc3 O-O 7. e3 b6 8. Be2 Bb7 9. O-O Nbd7 10. b3 c5 11. Bb2 Qc7 12. Rac1 Rad8 13. Rfd1 e5 14. Nxe5 d4 15. exd4 cxd4 16. Qxd4 Rfe8 17. Nxd7 Rxd7 18. Qh4 Re4 19. Qg3 Qxg3 20. hxg3 Rxe2 21. Bc3 Ne4 22.
d4 Nxf2 23. Re1 Ra2 24. Re8# 1-0

[Event "*** SCC Grand Prix: Titled Tuesday Blitz"]
[Site "Chess.com"]
[Date "2020.07.21"]
[Round "4"]
[White "mjray79"]
[Black "chargemax23"]
[Result "1-0"]
[WhiteElo "2359"]
[BlackElo "2603"]
[TimeControl "180+1"]
[EndTime "10:37:53 PDT"]
[Termination "mjray79 won by resignation"]

1. d4 g6 2. c4 Bg7 3. e4 d6 4. Nc3 Nc6 5. Nge2 e5 6. d5 Nd4 7. Be3 c5 8. dxc6 Nxc6 9. g3 Be6 10. b3 Nge7 11. Bg2 O-O 12. O-O a6 13. Nd5 Bxd5 14.
exd5 Nb8 15. Rc1 Nd7 16. Nc3 Nf5 17. Bd2 b5 18. Ne4 Qb6 19. Bb4 bxc4 20. Rxc4 Rfc8 21.
Ba3 Rxc4 22. bxc4 Rc8 23. g4 Nh4 24. Nxd6 Rd8 25. Ne4 Nxg2 26. Kxg2 Qa5 27. Qf3 f5 28.
gxf5 gxf5 29. Qxf5 Qxa3 30. Ng5 Qe7 31. Qxh7+ Kf8 32.
Ne6+ Qxe6 33. dxe6 Nf6 34. e7+ Kxe7 35. Qxg7+ Ke6 36. Qb7 Rg8+ 37. Kf3 a5 38. Qb6+ Kf5 39. Rd1 Rh8 40. Rd6 1-0

[Event "*** SCC Grand Prix: Titled Tuesday Blitz"]
[Site "Chess.com"]
[Date "2020.07.21"]
[Round "4"]
[White "ljuks68"]
[Black "VALPARAISO37"]
[Result "1-0"]
[WhiteElo "2437"]
[BlackElo "2271"]
[TimeControl "180+1"]
[EndTime "10:37:53 PDT"]
[Termination "ljuks68 won by resignation"]

1. e4 e5 2. Nf3 Nc6 3. Bb5 a6 4.
Ba4 Nf6 5. Qe2 b5 6. Bb3 Bc5 7. c3 d6 8. d3 O-O 9. Bg5 Re8 10.
Nbd2 Bb6 11. Nf1 Be6 12. Bd5 Qd7 13. Bxf6 gxf6 14. Nh4 Kh8 15. Ng3 Bxd5 16. exd5 Ne7 17. Qf3 Ng8 18. Nhf5 Ne7 19. Nh6 f5 20. Ngxf5 Nxf5 21.
Nxf5 Rg8 22. O-O-O a5 23. h4 a4 24. a3 Rg6 25.
Rh3 Rag8 26. Rg3 Ba5 27. h5 Rg5 28. Nh6 Rxg3 29. fxg3 Rg7 30. Nf5 Rg5 31. Rf1 Bb6 32. Nh6 f5 33. Nxf5 Qf7 34. Kc2 Rxh5 35. g4 Rh2 36. Qg3 Qxd5 37. Qxh2 Qb3+ 38. Kb1 b4 39. Qh6 Qf7 40. cxb4 Bd4 41. Ng3 Bf2 42. Ne4 Qb3 43.
Qf8+ 1-0

[Event "*** SCC Grand Prix: Titled Tuesday Blitz"]
[Site "Chess.com"]
[Date "2020.07.21"]
[Round "4"]
[White "anpospan"]
[Black "marianokar"]
[Result "1-0"]
[WhiteElo "2286"]
[BlackElo "2419"]
[TimeControl "180+1"]
[EndTime "10:37:53 PDT"]
[Termination "anpospan won on time"]

1. Nf3 d5 2. b3 e6 3. Bb2 Nf6 4.
e3 Be7 5. d4 O-O 6. Bd3 c5 7.
Nbd2 Nc6 8. O-O b6 9. Ne5 Bb7 10. f4 cxd4 11. exd4 Nb4 12. Be2 Ne4 13. c3 Nc6 14. Bd3 f5 15. Nxc6 Bxc6 16. Rf3 Bd6 17. Nf1 Be8 18. Ng3 Nxg3 19. hxg3 Bh5 20. Qe1 Bxf3 21. Qxe6+ Kh8 22. gxf3 Rf6 23. Qxd5 Qe8 24. Kf2 Rd8 25. Re1 Qh5 26. Rg1 Qg6 27. Ba3 Bc7 28. Qc4 1-0

[Event "*** SCC Grand Prix: Titled Tuesday Blitz"]
[Site "Chess.com"]
[Date "2020.07.21"]
[Round "4"]
[White "queen_iryna"]
[Black "kleopl"]
[Result "1-0"]
[WhiteElo "2281"]
[BlackElo "2417"]
[TimeControl "180+1"]
[EndTime "10:37:54 PDT"]
[Termination "queen_iryna won by resignation"]

1. d4 Nf6 2. Nc3 d5 3. Bf4 c6 4. e3 Bf5 5. Nf3 e6 6. Ne5 Nbd7 7. g4 Nxe5 8. gxf5 Ned7 9. fxe6 fxe6 10. Bh3 Qe7 11.
Qf3 e5 12. Bxd7+ Nxd7 13. dxe5 Nxe5 14. Qh5+ Nf7 15. O-O-O g6 16. Qh3 Bg7 17. e4 d4 18.
Ne2 Qxe4 19. Rhe1 O-O 20. Bd2 Rae8 21. Nf4 Qf5 22. Qxf5 gxf5 23. Rg1 Ne5 24. Nh5 Rf7 25. Bh6 Ng6 26. Bxg7 Rxg7 27. Nxg7 Kxg7 28. Rxd4 Re7 29. Rgd1 Ne5 30. f4 Ng6 31. Rd7 Kf6 32. Rxe7 Kxe7 33. Rd4 Ke6 34. Kd2 c5 35. Ra4 a6 36.
Ke3 Kd5 37. Ra3 c4 38. Ra5+ Kc6 39. Rxf5 1-0

[Event "*** SCC Grand Prix: Titled Tuesday Blitz"]
[Site "Chess.com"]
[Date "2020.07.21"]
[Round "4"]
[White "sergivila"]
[Black "Sashadav97"]
[Result "0-1"]
[WhiteElo "2385"]
[BlackElo "2604"]
[TimeControl "180+1"]
[EndTime "10:37:55 PDT"]
[Termination "Sashadav97 won by resignation"]

1. e4 c5 2. Nf3 Nc6 3. Bb5 g6 4.
Bxc6 dxc6 5. d3 Bg7 6. h3 e5 7.
Nc3 Ne7 8. Be3 b6 9. Qd2 h6 10. a3 f5 11. exf5 gxf5 12. Qe2 Kf8 13. O-O Nd5 14.
Bd2 Qd6 15. Rae1 Bb7 16. Nxe5 Re8 17. f4 Nf6 18. Qf2 Kg8 19. Ng6 Rh7 20. Rxe8+ Nxe8 21. Re1 Bd4 22. Rxe8+ Kf7 23. Re3 Qxg6 24. Nd1 Rg7 25.
c3 Bxe3 26. Nxe3 Bc8 27. c4 Qg3 28. Qe2 Rg6 29. Nf1 Qxh3 30. Bc3 Be6 31. b4 cxb4 32.
axb4 Qg4 33. Nh2 Qxe2 0-1

[Event "*** SCC Grand Prix: Titled Tuesday Blitz"]
[Site "Chess.com"]
[Date "2020.07.21"]
[Round "4"]
[White "Walter_White_Poland"]
[Black "viktorskliarov"]
[Result "0-1"]
[WhiteElo "2246"]
[BlackElo "2583"]
[TimeControl "180+1"]
[EndTime "10:37:55 PDT"]
[Termination "viktorskliarov won on time"]

1. e4 c5 2. Nf3 Nc6 3. d4 cxd4 4. Nxd4 Nf6 5. Nc3 e5 6. Ndb5 d6 7. Bg5 a6 8. Na3 b5 9. Bxf6 gxf6 10. Nd5 f5 11. c3 Bg7 12. exf5 Bxf5 13. Nc2 O-O 14. Nce3 Be6 15. Bd3 f5 16. O-O Kh8 17. Qh5 e4 18. Bc2 Ne7 19. Nxe7 Qxe7 20. f3 d5 21. fxe4 fxe4 22.
Kh1 Qc5 23. Qe2 b4 24. cxb4 Qxb4 25. Bb3 Rad8 26. Rxf8+ Qxf8 27. Rd1 Qc5 28. Nc2 Bg8 0-1

[Event "*** SCC Grand Prix: Titled Tuesday Blitz"]
[Site "Chess.com"]
[Date "2020.07.21"]
[Round "4"]
[White "turayev_shahruh17"]
[Black "Supernotar"]
[Result "1/2-1/2"]
[WhiteElo "2523"]
[BlackElo "2738"]
[TimeControl "180+1"]
[EndTime "10:37:56 PDT"]
[Termination "Game drawn by repetition"]

1. e4 c6 2. Nc3 d5 3. exd5 cxd5 4.
d4 Nc6 5. Bf4 a6 6. Nf3 Nf6 7.
Be2 Bf5 8. O-O e6 9. Ne5 Bd6 10. a3 Qc7 11. Re1 O-O 12. Bf1 Rac8 13. Qd2 b5 14. Bxb5 axb5 15. Nxb5 Qe7 16. Nxc6 Rxc6 17. Bxd6 Rxd6 18. Nxd6 Qxd6 19. f3 Rc8 20. c3 Nd7 21.
a4 Nb6 22. b3 h6 23. a5 Nd7 24.
b4 Qc6 25. a6 Ra8 26. Qe2 Qxc3 27. b5 Qxd4+ 28. Kh1 Bd3 29. Qd2 Qc4 30. Ra5 Nb6 31. Rc1 Qb3 32. Rc3 Qb1+ 33. Rc1 Qb3 34. Rc3 Qb1+ 35. Rc1 Qb3 1/2-1/2

[Event "*** SCC Grand Prix: Titled Tuesday Blitz"]
[Site "Chess.com"]
[Date "2020.07.21"]
[Round "4"]
[White "Gusarov91"]
[Black "GOGIEFF"]
[Result "0-1"]
[WhiteElo "2634"]
[BlackElo "2898"]
[TimeControl "180+1"]
[EndTime "10:37:57 PDT"]
[Termination "GOGIEFF won by resignation"]

1. d4 Nf6 2. Nf3 g6 3. c4 Bg7 4.
g3 O-O 5. Bg2 Nc6 6. O-O a6 7.
b3 b5 8. Nbd2 Rb8 9. Rb1 d6 10. d5 Na5 11. Qc2 c5 12. dxc6 Nxc6 13. cxb5 Nb4 14. Qd1 Nxa2 15. Bb2 axb5 16. Nd4 Bd7 17.
Nc6 Bxc6 18. Bxc6 Nb4 19. Bg2 d5 20. Bc3 Nc6 21. e3 e6 22. Qe2 Qb6 23. Rfc1 Rfc8 24. h3 b4 25. Ba1 Ne8 26. Bxg7 Nxg7 27. e4 Nd4 28. Qd3 Rc3 29. Qf1 Rbc8 30. Re1 Rxg3 31. exd5 exd5 32. fxg3 Nf3+ 33. Kh1 Nxd2 34. Qd3 Nxb1 35.
Rxb1 Nf5 36. Qxd5 Nxg3+ 37. Kh2 Qc7 38. Kg1 Ne2+ 39. Kh1 Nf4 40. Qf3 Nxg2 41. Qxg2 Qc2 42. Qf1 Qe4+ 43. Kg1 Rc2 0-1

[Event "*** SCC Grand Prix: Titled Tuesday Blitz"]
[Site "Chess.com"]
[Date "2020.07.21"]
[Round "4"]
[White "Rish_97"]
[Black "FMJoseHerrera"]
[Result "1-0"]
[WhiteElo "2708"]
[BlackElo "2498"]
[TimeControl "180+1"]
[EndTime "10:37:57 PDT"]
[Termination "Rish_97 won by resignation"]

1. d4 Nf6 2. c4 c5 3. e3 g6 4. d5 Bg7 5. Nf3 O-O 6. Be2 d6 7.
O-O b5 8. cxb5 a6 9. Nc3 axb5 10. Bxb5 Qa5 11. a4 Na6 12. Nd2 Nb4 13. Nc4 Qc7 14.
e4 Ba6 15. Bf4 Nh5 16. Bg5 Rfb8 17. Re1 Nf6 18. e5 dxe5 19. Nxe5 Bxb5 20. Nxb5 Qb7 21. d6 Rd8 22. Ng4 Nxg4 23. Qxg4 Nc2 24. dxe7 Re8 25.
Nd6 Qxb2 26. Rab1 Qa2 27. Rec1 Nd4 28. Nxe8 Rxe8 29. Qd7 Qxa4 30. Qxa4 1-0

[Event "*** SCC Grand Prix: Titled Tuesday Blitz"]
[Site "Chess.com"]
[Date "2020.07.21"]
[Round "4"]
[White "InitiatingASC"]
[Black "Gorin_Leonid"]
[Result "0-1"]
[WhiteElo "2350"]
[BlackElo "2573"]
[TimeControl "180+1"]
[EndTime "10:37:58 PDT"]
[Termination "Gorin_Leonid won by checkmate"]

1. Nf3 Nf6 2. b3 d5 3. Bb2 Bg4 4. e3 Nbd7 5. Be2 Bxf3 6. Bxf3 e5 7. d3 Bd6 8. Nd2 Qe7 9. e4 d4 10. O-O Ba3 11. Bxa3 Qxa3 12. Nc4 Qe7 13. a4 O-O 14.
Bg4 g6 15. f4 exf4 16. Rxf4 Ne5 17. Nxe5 Qxe5 18. Qf3 Ne8 19. Rf1 f6 20. Bd7 Kg7 21. Bxe8 Raxe8 22. Qg4 Qe6 23. Qxe6 Rxe6 24. g4 Re5 25. R1f2 a5 26. Kg2 Rf7 27. Kg3 h6 28. h4 b6 29. Rh2 Rd7 30. h5 g5 31. Rf1 Rd6 32. Rhf2 Rc6 33. Re2 Rec5 34. Rff2 Re6 35. Kg2 Kf7 36. Kf1 Ke7 37. Ke1 c6 38. Rf5 Rxf5 39.
exf5 Rxe2+ 40. Kxe2 Kd6 41. Kf2 Ke5 42. Kf3 b5 43.
Kg3 bxa4 44. bxa4 Kd6 45. Kf3 Kd5 46. Kf2 Kc5 47. Kf3 Kb4 48. Ke4 Kxa4 49. Kxd4 Kb4 50. c3+ Kb3 51. c4 a4 52. Kc5 a3 53. d4 a2 54. d5 cxd5 55. cxd5 a1=Q 56. d6 Qc3+ 57.
Kb6 Qd4+ 58. Kc7 Qxg4 59. d7 Qxf5 60. d8=Q Qa5+ 61. Kd7 Qxd8+ 62. Kxd8 g4 63. Ke7 f5 64. Kf6 f4 65. Kg6 f3 66. Kxh6 f2 67. Kg7 f1=Q 68. h6 g3 69. h7 g2 70. h8=Q g1=Q+ 71. Kh6 Qh3# 0-1

[Event "*** SCC Grand Prix: Titled Tuesday Blitz"]
[Site "Chess.com"]
[Date "2020.07.21"]
[Round "4"]
[White "SilviusTiberius"]
[Black "vanea_03"]
[Result "0-1"]
[WhiteElo "2500"]
[BlackElo "2710"]
[TimeControl "180+1"]
[EndTime "10:37:59 PDT"]
[Termination "vanea_03 won by resignation"]

1. e4 e5 2. Nf3 Nc6 3. Bb5 a6 4. Ba4 Nf6 5. O-O Bc5 6. c3 b5 7. Bb3 d6 8. d4 Bb6 9. Be3 O-O 10.
Nbd2 Bb7 11. Re1 exd4 12. cxd4 Nb4 13. Qb1 c5 14. a3 Nc6 15. dxc5 Bxc5 16. Bxc5 dxc5 17.
e5 Ng4 18. Qf5 Nh6 19. Qh5 c4 20. Bc2 Nd4 21. Nxd4 Qxd4 22. Ne4 Bxe4 23. Rxe4 Qxb2 24. Qd1 Rfd8 25. Qc1 Qxc1+ 26. Rxc1 Nf5 27. a4 Nd4 28. Bd1 Rac8 29. axb5 axb5 30. f4 b4 31. Bg4 Rc5 32. Rd1 Rcd5 33. e6 fxe6 34. Rxe6 c3 0-1

[Event "*** SCC Grand Prix: Titled Tuesday Blitz"]
[Site "Chess.com"]
[Date "2020.07.21"]
[Round "4"]
[White "olksuna"]
[Black "djano"]
[Result "1-0"]
[WhiteElo "2630"]
[BlackElo "2457"]
[TimeControl "180+1"]
[EndTime "10:37:59 PDT"]
[Termination "olksuna won by resignation"]

1. Nf3 Nf6 2. g3 d5 3. Bg2 c6 4. O-O Bf5 5. c4 e6 6. cxd5 exd5 7. d3 Be7 8. Qb3 Qc8 9. Nc3 O-O 10. Nd4 Bd7 11. e4 dxe4 12. dxe4 Na6 13. e5 Ng4 14. Re1 Nc5 15. Qc2 Nh6 16. Bxh6 gxh6 17. Rad1 Qc7 18. Nf5 Rae8 19. Nxh6+ Kh8 20. Nf5 Ne6 21. Nd6 Bxd6 22. exd6 Qb6 23. Qd2 f5 24. Re5 Rf6 25. Rde1 Ref8 26.
Na4 Qd4 27. Qxd4 Nxd4 28. Nc5 Rxd6 29. Nxb7 Rff6 30. Nxd6 Rxd6 31. h4 Kg7 32. Re7+ Kf6 33. Rxh7 Be6 34. Rxa7 c5 35. h5 Kg5 36. Re5 1-0

[Event "*** SCC Grand Prix: Titled Tuesday Blitz"]
[Site "Chess.com"]
[Date "2020.07.21"]
[Round "4"]
[White "Speshka"]
[Black "m-garcett"]
[Result "1-0"]
[WhiteElo "2231"]
[BlackElo "2049"]
[TimeControl "180+1"]
[EndTime "10:37:59 PDT"]
[Termination "Speshka won on time"]

1. e4 e6 2. Nf3 d5 3. e5 c5 4. b4 cxb4 5. a3 Nc6 6. axb4 Bxb4 7. c3 Be7 8. d4 h5 9. Bb5 Bd7 10. Qa4 Nh6 11. O-O Nf5 12. Qb3 h4 13. Bd3 g6 14.
Na3 Qb6 15. Nb5 Na5 16. Qa4 Nc4 17. Rb1 a6 18. Bxc4 dxc4 19. Qxc4 Bxb5 20. Qa2 Qd8 21. c4 Bc6 22. Rd1 O-O 23. d5 exd5 24. cxd5 Bb5 25.
d6 Nxd6 26. exd6 Bxd6 27. Ba3 Qf6 28. Rxd6 Qf5 29. Nxh4 Qg5 30. Nf3 Qf5 31. Rd5 Qe6 32. Bxf8 1-0

[Event "*** SCC Grand Prix: Titled Tuesday Blitz"]
[Site "Chess.com"]
[Date "2020.07.21"]
[Round "4"]
[White "IMHansNiemann"]
[Black "QuintilianoR"]
[Result "1-0"]
[WhiteElo "2967"]
[BlackElo "2677"]
[TimeControl "180+1"]
[EndTime "10:38:00 PDT"]
[Termination "IMHansNiemann won on time"]

1. d4 d5 2. Nc3 Nf6 3. Bf4 a6 4. e3 e6 5. Nf3 c5 6. dxc5 Bxc5 7. Bd3 Nc6 8. O-O O-O 9. e4 dxe4 10. Nxe4 Nxe4 11. Bxe4 Qf6 12. Qc1 h6 13. c3 Rd8 14.
Bg3 Bd7 15. Qe1 Be8 16. Bc2 g6 17. Bh4 g5 18. Bg3 Bf8 19. Qe4 Bg7 20. Rad1 Rxd1 21. Rxd1 Rd8 22. Qh7+ Kf8 23. Bd6+ Rxd6 24. Rxd6 g4 25. Nd2 Qe5 26. Qd3 Qe1+ 27. Nf1 Ne5 28. Qd1 Qxd1 29. Rxd1 Bc6 30. b3 Ke7 31. Ng3 f5 32.
Ne2 Nf7 33. c4 Nd6 34. Nf4 Be4 35. Bxe4 Nxe4 36. f3 gxf3 37. gxf3 Nc5 38. Kf2 Bf6 39.
Ke2 Bg5 40. Ng2 Nd7 41. h4 Bf6 42. h5 Ne5 43. Nf4 Nf7 44. Ng6+ Ke8 45. f4 Nd8 46. Rd6 1-0

[Event "*** SCC Grand Prix: Titled Tuesday Blitz"]
[Site "Chess.com"]
[Date "2020.07.21"]
[Round "4"]
[White "chalowey97"]
[Black "MasterKroket"]
[Result "0-1"]
[WhiteElo "2130"]
[BlackElo "2402"]
[TimeControl "180+1"]
[EndTime "10:38:00 PDT"]
[Termination "MasterKroket won on time"]

1. d4 Nf6 2. Nf3 e6 3. e3 b6 4. b3 Bb7 5. Nbd2 c5 6. Bd3 cxd4 7. exd4 Be7 8. O-O O-O 9. Bb2 Nd5 10. Re1 Nf4 11. Bf1 f5 12. c4 Bf6 13. g3 Ng6 14. Ne5 Nc6 15. Bg2 Qc7 16. Nxg6 hxg6 17. Nf3 Rad8 18. Qe2 Rfe8 19. Rad1 d6 20. Nh4 Kf7 21.
d5 Ne5 22. dxe6+ Rxe6 23. f4 Nf3+ 24. Nxf3 Rxe2 25. Rxe2 Re8 26. Rxe8 Kxe8 27. Ba3 Be7 28. Ng5 Bxg2 29. Kxg2 b5 30. Rd4 Qa5 31. Bb2 Qxa2 32. Rd2 Qxb3 33. Re2 bxc4 34. Bxg7 Qd3 0-1

[Event "*** SCC Grand Prix: Titled Tuesday Blitz"]
[Site "Chess.com"]
[Date "2020.07.21"]
[Round "4"]
[White "Micki-taryan"]
[Black "Zhuu96"]
[Result "1-0"]
[WhiteElo "3045"]
[BlackElo "2796"]
[TimeControl "180+1"]
[EndTime "10:38:03 PDT"]
[Termination "Micki-taryan won by resignation"]

1. Nf3 Nf6 2. d4 d5 3. e3 Bg4 4. h3 Bh5 5. c4 c6 6. Nc3 e6 7.
g4 Bg6 8. Ne5 Nbd7 9. h4 dxc4 10. Nxg6 hxg6 11. g5 Nd5 12. Bxc4 N7b6 13. Be2 Be7 14.
Bf3 Qc7 15. Qb3 Kf8 16. Bd2 Rc8 17. Rc1 Nxc3 18. Bxc3 Qd7 19. Ke2 Nd5 20. Bd2 c5 21. dxc5 Rxc5 22. Rxc5 Bxc5 23. Rc1 Bd6 24. h5 gxh5 25. g6 h4 26. Bxd5 exd5 27. Qxd5 fxg6 28. Rc4 Rh5 29. Rf4+ Rf5 30. Bb4 Ke7 31. Rxf5 gxf5 32.
Qe5+ Kf7 33. Bxd6 g5 34. Qd5+ Kg6 35. Qg8+ Kh5 36. Qh8+ Kg4 37. Qd4+ Kh3 38. Qd5 f4 39. exf4 1-0

[Event "*** SCC Grand Prix: Titled Tuesday Blitz"]
[Site "Chess.com"]
[Date "2020.07.21"]
[Round "4"]
[White "Shield12"]
[Black "davidkalashian"]
[Result "1-0"]
[WhiteElo "2846"]
[BlackElo "2536"]
[TimeControl "180+1"]
[EndTime "10:38:04 PDT"]
[Termination "Shield12 won on time"]

1. e4 c5 2. Nf3 d6 3. Bb5+ Bd7 4. Bxd7+ Qxd7 5. c4 Nf6 6. Nc3 e5 7. d3 Nc6 8. a3 Be7 9. O-O O-O 10. Rb1 Ne8 11. b4 b6 12. Nd5 f5 13. Qa4 Rc8 14. bxc5 bxc5 15. Qa6 fxe4 16. dxe4 Rxf3 17. gxf3 Bf8 18. Kg2 Qe6 19. Rg1 Nd4 20. Be3 Rc6 21. Qb7 Rc8 22. Kh1 Nxf3 23. Rg3 Nh4 24. Qxa7 Ng6 25. a4 Rd8 26. a5 Nf6 27. Bg5 1-0

[Event "*** SCC Grand Prix: Titled Tuesday Blitz"]
[Site "Chess.com"]
[Date "2020.07.21"]
[Round "4"]
[White "AniJak"]
[Black "Zarinur"]
[Result "1-0"]
[WhiteElo "2299"]
[BlackElo "2095"]
[TimeControl "180+1"]
[EndTime "10:38:04 PDT"]
[Termination "AniJak won by resignation"]

1. e4 e5 2. Nc3 Nf6 3. g3 d5 4. exd5 Nxd5 5. Bg2 Nxc3 6. bxc3 Bc5 7. Ne2 Bg4 8. h3 Bc8 9. d4 exd4 10. cxd4 Bd6 11. O-O O-O 12. c4 c5 13. d5 Nd7 14. Be3 Nb6 15. Rc1 Bf5 16. g4 Bd7 17. f4 h5 18.
f5 hxg4 19. hxg4 Qh4 20. Nf4 Rfe8 21. Qf3 Re5 22. Bf2 Qg5 23. Nh3 Qf6 24. Bg3 Ree8 25. g5 Qd4+ 26. Bf2 Qe5 27. Rfe1 Qh2+ 28. Kf1 Nxc4 29.
Rxc4 Bb5 30. Rc1 Bxc4+ 31. Rxc4 Qe5 32. Rc1 Qe7 33. f6 Qc7 34. fxg7 Qa5 35. Nf4 Bxf4 36. Qxf4 Qb5+ 37. Kg1 Re2 38. Bf1 Qb4 39. Qxb4 cxb4 1-0

[Event "*** SCC Grand Prix: Titled Tuesday Blitz"]
[Site "Chess.com"]
[Date "2020.07.21"]
[Round "4"]
[White "GianmarcoVaR"]
[Black "jonychess03"]
[Result "1-0"]
[WhiteElo "2473"]
[BlackElo "2315"]
[TimeControl "180+1"]
[EndTime "10:38:05 PDT"]
[Termination "GianmarcoVaR won by resignation"]

1. d4 Nf6 2. c4 e6 3. Nf3 Bb4+ 4. Nbd2 O-O 5. a3 Be7 6. e4 d6 7. Bd3 c5 8. O-O cxd4 9. Nxd4 Nc6 10. Nxc6 bxc6 11.
Qe2 Nd7 12. Nf3 a5 13. Be3 Bf6 14. Rfd1 Qc7 15. Qc2 c5 16. e5 Nxe5 17. Nxe5 Bxe5 18. Bxh7+ Kh8 19. Qe4 Bb7 20. Qh4 Bf6 21. Qh5 Rfd8 22. Rd3 Qc6 23. Be4+ Kg8 24. Bxc6 Bxc6 25. Bg5 g6 26.
Qh4 Bxg5 27. Qxg5 Kg7 28. Rad1 d5 29. cxd5 Bxd5 30. Qe5+ Kf8 31. Qf6 Ke8 32. h4 c4 33.
Rxd5 Rxd5 34. Rxd5 1-0

[Event "*** SCC Grand Prix: Titled Tuesday Blitz"]
[Site "Chess.com"]
[Date "2020.07.21"]
[Round "4"]
[White "tk22h"]
[Black "yuliagok"]
[Result "1/2-1/2"]
[WhiteElo "2300"]
[BlackElo "2095"]
[TimeControl "180+1"]
[EndTime "10:38:05 PDT"]
[Termination "Game drawn - insufficient material"]

1. c4 e5 2. Nc3 Nf6 3. Nf3 Nc6 4. g3 d5 5. cxd5 Nxd5 6. Bg2 Nb6 7. O-O Be6 8. b3 Be7 9. Bb2 O-O 10. Rc1 f5 11. d3 a5 12. e4 fxe4 13. Nxe4 Bg4 14. h3 Bxf3 15. Bxf3 Nd4 16. Bg2 a4 17. Nc5 Bxc5 18.
Rxc5 axb3 19. axb3 Ra2 20. Bxd4 Qxd4 21. Rc2 Rxc2 22.
Qxc2 c6 23. Qe2 Nd5 24. Re1 Nc3 25. Qe3 Qxe3 26. Rxe3 Rd8 27. Rxe5 Rxd3 28. Re7 Rd1+ 29. Kh2 Rd2 30. Rxb7 Rxf2 31. Kg1 Rc2 32. Bxc6 Ne2+ 33. Kf2 Nd4+ 34. Ke3 Nxc6 35. Rc7 Nb4 36. Rxc2 Nxc2+ 37. Kd3 Ne1+ 38. Kd4 Kf7 39. Kc4 Ke6 40. b4 Kd6 41. b5 Kc7 42. Kd5 g5 43. Ke5 Nf3+ 44. Kf5 Kb6 45.
Kg4 Ng1 46. Kxg5 Nxh3+ 47. Kh6 Kxb5 48. Kxh7 Kc5 49. Kg6 Kd5 50. Kf5 Kd6 51. g4 Ke7 52. g5 Nxg5 1/2-1/2

[Event "*** SCC Grand Prix: Titled Tuesday Blitz"]
[Site "Chess.com"]
[Date "2020.07.21"]
[Round "4"]
[White "13MiRacLe"]
[Black "DonPreuss"]
[Result "1-0"]
[WhiteElo "2631"]
[BlackElo "2161"]
[TimeControl "180+1"]
[EndTime "10:38:05 PDT"]
[Termination "13MiRacLe won on time"]

1. e4 e5 2. Nf3 d5 3. exd5 e4 4.
Qe2 Nf6 5. Nc3 Be7 6. Nxe4 O-O 7. d3 Nxd5 8. Qd1 f5 9. Nc3 Bb4 10. Bd2 Re8+ 11. Be2 Nc6 12. Nxd5 Bxd2+ 13. Qxd2 Qxd5 14.
O-O Bd7 15. a3 Nd4 16. Nxd4 Qxd4 17. c3 Qh4 18. Bf3 Rad8 19. Bxb7 f4 20. Bf3 Rf8 21.
Rae1 Bg4 22. Qd1 h5 23. d4 Rf6 24. Re5 Rg6 25. Rfe1 Qh3 26. Qb3+ Kh7 27. gxh3 Bxf3+ 28. Kf1 1-0